 Dungeon Crawl Stone Soup version 0.30.0-3-ga4e48a9924 (webtiles) character file.

Game seed: 13974338707895485420

19 ProzacElf the Ducker (level 2, -3/23 HPs)
             Began as a Djinni Gladiator on May 7, 2023.
             Slain by a cerulean imp
             ... wielding a +2 spear
             ... summoned by Natasha
              (5 damage)
             ... on level 2 of the Dungeon.
             The game lasted 00:02:22 (528 turns).

ProzacElf the Ducker (Djinni Gladiator)              Turns: 528, Time: 00:02:23

Health: -3/23      AC:  6    Str: 13    XL:     2   Next: 95%
Gold:   14         EV: 11    Int:  9    God:
                   SH:  0    Dex: 14

rFire   + + .        a - +0 long sword
rCold   x . .        (no shield)
rNeg    . . .        g - +0 ring mail
rPois   ∞            c - +0 helmet
rElec   .            (no cloak)
rCorr   .            (no gloves)
SInv    .            (boots unavailable)
Will    .....        (no amulet)
Stlth   +            (no ring)
HPRegen 0.23/turn    (no ring)
MPRegen 0.00/turn

%: infuse magic (-4 HP)
@: flying
A: sickness immunity, fire resistance 2, cold vulnerability 1, float, innate
caster, HP casting, extra vitality 1
a: no special abilities


You were on level 2 of the Dungeon.
You visited 1 branch of the dungeon, and saw 2 of its levels.

You collected 14 gold pieces.

Inventory:

Hand Weapons
 a - a +0 long sword (weapon)
Missiles
 d - 3 throwing nets (quivered)
 e - a javelin
Armour
 b - a +0 leather armour
 c - a +0 helmet (worn)
 g - a +0 ring mail (worn)
 h - a +0 scale mail
Scrolls
 f - a scroll of noise {unknown}
 i - a scroll of immolation {unknown}


   Skills:
 - Level 2.0 Fighting
 + Level 3.1 Long Blades
 - Level 1.5 Throwing
 + Level 3.8 Dodging You didn't know any spells. Your spell library was empty.

Dungeon Overview and Level Annotations

Branches:
Dungeon (1/15)

Altars:

Shops:
D:2 =

Annotations:
D:2 Natasha


Innate Abilities, Weirdness & Mutations

You are immune to sickness and miasma.
You are immune to poison.
Your flesh is very heat resistant. (rF++)
You are vulnerable to cold. (rC-)
You float through the air rather than walking.
You learn spells naturally, not from books.
Your magical power is your life essence.
You have superior vitality. (+4 MHP)


Message History

Ye closely miss tha cerulean imp.
Tha cerulean imp be moderately wounded.
Tha cerulean imp hits ye but does nay damage.
Tha cerulean imp barely misses ye.
Ye hit tha cerulean imp but do nay damage.
Tha cerulean imp be moderately wounded.
Natasha mumbles some strange words.
Ye feel disoriented.
Tha cerulean imp hits ye from afar wit' a +1 spear.
Tha cerulean imp hits ye but does nay damage.
Ye take 1 damage, an' haf 11/23 hp.
Ye closely miss tha cerulean imp.
Tha cerulean imp be moderately wounded.
Tha cerulean imp disappears in a puff o' smoke!
Tha cerulean imp hits ye but does nay damage.
Ye closely miss Natasha.
Tha cerulean imp barely misses ye.
Natasha casts a spell.
Tha cerulean imp closely misses ye.
Natasha claws ye but does nay damage.
Tha cerulean imp hits ye from afar wit' a +1 spear.
Ye take 3 damage, an' haf 8/23 hp.
Ye ar'n't carryin' any potions.
Ye completely miss Natasha.
Tha cerulean imp hits ye from afar wit' a +2 spear.
* * * LOW HITPOINT WARNIN'
* * * Tha cerulean imp hits ye from afar wit' a +1 spear.
* * * LOW HITPOINT WARNIN'
* * * Natasha misses ye.
Ye take 7 damage, an' haf 1/23 hp.
MASSIVE DAMAGE!!
Ye hit Natasha.
Natasha be lightly wounded.
Tha cerulean imp barely misses ye.
Tha cerulean imp hits ye but does nay damage.
Natasha barely misses ye.
Tha cerulean imp hits ye but does nay damage.
Ye barely miss Natasha.
Natasha be lightly wounded.
Tha cerulean imp hits ye but does nay damage.
Natasha claws ye but does nay damage.
Tha cerulean imp hits ye from afar wit' a +2 spear.
Ye die...

h.§.†..#..##
####....
#.§.##.....#######
#.......
###5.............#
#.......
######.........#
#.......
##..†.....# #####
#....†..
###..#######...#
#....... ##..##
##8.8.# #.......
##55###..∩..#
#.......
##5h@..8.8.#
#...#...
######..#.#
#...#...
#.##.###.....#.
#..........#.##
###.>....#.#...
##.###...#### #.#
#.#.# ### #.###
#..


You could see Natasha and 3 cerulean imps.

Vanquished Creatures
  2 dart slugs
  2 endoplasms (D:1)
  A giant cockroach (D:2)
  A goblin (D:2)
  2 jackals (D:2)
  A kobold (D:1)
  A quokka (D:2)
  A bat (D:2)
  3 rats
14 creatures vanquished.

Notes
Turn   | Place    | Note
-------+----------+-------------------------------------------
     0 | D:1      | ProzacElf the Djinni Gladiator began the quest for the Orb.
     0 | D:1      | Reached XP level 1. HP: 18/18 MP: 0/0
    94 | D:1      | Reached XP level 2. HP: 23/23 MP: 0/0
   203 | D:1      | You are sucked into a shaft and drop 1 floor!
   402 | D:2      | Found Axagraoc's Jewellery Shoppe.
   480 | D:2      | Noticed Natasha
   526 | D:2      | HP: 1/23 [cerulean imp/+1 spear[Natasha] (4)]
   528 | D:2      | Slain by a cerulean imp

Illustrated notes

Levels and vault maps discovered:
D:1:      psy_arrival_radial02, layout_basic,
          shapermc_ecumenical_altar_notcrosses
D:2:      layout_basic, serial_shops, shop, shop, nicolae_shop_crystal,
          nicolae_shop_tiny_statue_garden, shop, uniq_natasha, uniq_robin,
          uniq_jessica

Skill      XL: |  1  2 |
---------------+-------+-----
Long Blades    | 3 |  3.1
Fighting       | |  2.0
Throwing       | |  1.5
Dodging        | |  3.8

Action                     || total
---------------------------++-------
  Melee: Long sword        ||    41
         Punch             ||     1
 Armour: Leather armour    ||     3
         Ring mail         ||    30
  Dodge: Dodged            ||    35

Action                     || total
---------------------------++-------
  Melee: Long sword        ||    41
         Punch             ||     1
 Armour: Leather armour    ||     3
         Ring mail         ||    30
  Dodge: Dodged            ||    35

Levels and vault maps discovered:
D:1:      psy_arrival_radial02, layout_basic,
          shapermc_ecumenical_altar_notcrosses
D:2:      layout_basic, serial_shops, shop, shop, nicolae_shop_crystal,
          nicolae_shop_tiny_statue_garden, shop, uniq_natasha, uniq_robin,
          uniq_jessica
